[Event "Titled Tuesday Blitz February 07 Early 2023"]
[White "Matveeva, Olga"]
[Black "Karttunen, Mika"]
[WhiteFideId "24107018"]
[BlackFideId "502081"]
[WhiteElo "2128"]
[BlackElo "2490"]
[Result "0-1"]
[Round "02"]
[TimeControl "180+2"]
[Date "2023.02.07"]
[WhiteClock "0:00:10"]
[BlackClock "0:00:49"]

1. d4 Nf6 2. c4 e6 3. g3 Bb4+ 4. Bd2 Qe7 5. Nf3 O-O 6. Bg2 a5 7. O-O Bxd2 8. Nbxd2 d5 9. Qc2 Nc6 10. e3 Bd7 11. a3 a4 12. Rac1 Rfc8 13. Rfe1 h6 14. e4 dxe4 15. Nxe4 Nxe4 16. Qxe4 Na5 17. Ne5 Be8 18. Qf4 Ra6 19. Rc3 Rb6 20. Re2 Rd8 21. h4 Rb3 22. Rxb3 Nxb3 23. d5 Rd6 24. Re3 b6 25. Kh2 Qf6 26. Nd3 Bd7 27. Qxf6 gxf6 28. Nb4 e5 29. Be4 Nc5 30. Bc2 b5 31. cxb5 Bxb5 32. f4 exf4 33. gxf4 Kf8 34. Kg3 Nd7 35. Rc3 Nb6 36. Rxc7 Nxd5 37. Nxd5 Rxd5 38. Ra7 Rd4 39. Kf3 Rc4 40. Bd3 Bc6+ 41. Ke3 Rc1 42. Kd4 Rd1 43. Rc7 Bb5 44. Rc3 Ke7 45. Ke3 Bxd3 46. Rxd3 Rb1 47. Rd2 Ke6 48. Ke4 Re1+ 49. Kd4 Rh1 50. Kc5 Rxh4 51. Rf2 Kf5 52. Kb5 Rxf4 53. Rxf4+ Kxf4 54. Kxa4 Ke5 55. b4 h5 56. b5 Kd6 57. Ka5 Kc7 58. Ka6 Kb8 59. Kb6 h4 60. a4 h3 61. a5 h2 62. a6 h1=Q 0-1


[Site "https://www.chess.com"]

[Event "Titled Tuesday Blitz February 07 Early 2023"]
[White "Manon-og, Ramon Jr."]
[Black "Plazuelo Pascual, Juan"]
[WhiteFideId "5200776"]
[BlackFideId "32059566"]
[WhiteElo "1999"]
[BlackElo "2449"]
[Result "0-1"]
[Round "02"]
[TimeControl "180+2"]
[Date "2023.02.07"]
[WhiteClock "0:01:04"]
[BlackClock "0:01:05"]

1. e4 e5 2. Nf3 Nf6 3. d4 Nxe4 4. Nxe5 d6 5. Nf3 d5 6. c4 Bb4+ 7. Nbd2 O-O 8. Be2 Nxd2 9. Bxd2 Bxd2+ 10. Qxd2 dxc4 11. O-O Bg4 12. Rfe1 Re8 13. Qb4 Nd7 14. Qxb7 Rb8 15. Qxa7 Rxb2 16. Bxc4 Bxf3 17. gxf3 Rf8 18. Qa3 Qg5+ 19. Kh1 Rxf2 20. Red1 Qh4 21. Bxf7+ Rxf7 0-1


[Site "https://www.chess.com"]

[Event "Titled Tuesday Blitz February 07 Early 2023"]
[White "Ordekalog"]
[Black "Nunez V, Gustavo Eduardo"]
[BlackFideId "4403690"]
[WhiteElo "2555"]
[BlackElo "2212"]
[Result "1-0"]
[Round "02"]
[TimeControl "180+2"]
[Date "2023.02.07"]
[WhiteClock "0:01:04"]
[BlackClock "0:00:15"]

1. e4 c5 2. d3 g6 3. g3 Bg7 4. Bg2 e6 5. f4 Ne7 6. Nf3 O-O 7. c3 Nbc6 8. Be3 b6 9. O-O d5 10. Bf2 Ba6 11. e5 d4 12. c4 Bb7 13. g4 f6 14. exf6 Rxf6 15. Bg3 Qd7 16. Nbd2 Raf8 17. Ng5 e5 18. fxe5 Rxf1+ 19. Nxf1 Bxe5 20. Qe2 Bxg3 21. Nxg3 Nc8 22. Bd5+ Kh8 23. Rf1 Rxf1+ 24. Qxf1 Qe7 25. N3e4 h6 26. Nf7+ Kg7 27. Qh3 h5 28. gxh5 Ne5 29. h6+ Kf8 30. Nxe5 Qxe5 31. h7 Qh8 32. Bxb7 Ne7 33. Qh6+ Kf7 34. Bd5+ Nxd5 35. cxd5 c4 36. Nd6+ Ke7 37. Nxc4 b5 38. Nd2 Kd6 39. Qxg6+ Kxd5 40. Qg8+ Kc5 41. Qxh8 a5 42. Qe5+ Kb4 43. Qxd4# 1-0


[Site "https://www.chess.com"]

[Event "Titled Tuesday Blitz February 07 Early 2023"]
[White "Arenas, David"]
[Black "Andreassen, Lars"]
[WhiteFideId "4403177"]
[BlackFideId "1504878"]
[WhiteElo "2426"]
[BlackElo "2168"]
[Result "1/2-1/2"]
[Round "02"]
[TimeControl "180+2"]
[Date "2023.02.07"]
[WhiteClock "0:00:18"]
[BlackClock "0:00:48"]

1. e4 d5 2. exd5 Nf6 3. d4 Bg4 4. Nf3 Qxd5 5. Be2 e6 6. Be3 Bd6 7. c4 Qf5 8. Nc3 c6 9. h3 Bxf3 10. Bxf3 O-O 11. O-O Nbd7 12. Qb3 Rab8 13. Rfd1 h6 14. Rac1 Bf4 15. Qc2 Qxc2 16. Rxc2 Bxe3 17. fxe3 Rfd8 18. b4 Nb6 19. Ne2 Rd7 20. e4 Rbd8 21. e5 Nh7 22. Kf2 Ng5 23. Ke3 Nxf3 24. gxf3 Na4 25. Rg1 Kh7 26. Rg4 b5 27. cxb5 cxb5 28. Rc6 Nb6 29. Nc3 Nc4+ 30. Rxc4 bxc4 31. a4 a6 32. Rh4 g5 33. Re4 Rb7 34. Na2 Rdb8 35. Kd2 Rxb4 36. Nxb4 Rxb4 37. a5 Ra4 38. Kc3 Rxa5 39. Kxc4 Ra3 40. f4 gxf4 41. Rxf4 Kg6 42. h4 h5 43. Rf6+ Kg7 44. Rf1 a5 45. Rg1+ Kh7 46. Rf1 Kg7 47. Rg1+ Kh7 48. Rf1 Kg6 49. Rg1+ Kh6 50. Rf1 Ra4+ 51. Kc5 Kg6 52. Rg1+ Kh6 53. Rf1 Kg6 54. Rg1+ Kh6 55. Rf1 1/2-1/2


[Site "https://www.chess.com"]

[Event "Titled Tuesday Blitz February 07 Early 2023"]
[White "Melian, Juan Sebastian"]
[Black "Skurikhin, Dmitrij"]
[WhiteFideId "3706575"]
[BlackFideId "4161297"]
[WhiteElo "2293"]
[BlackElo "2297"]
[Result "0-1"]
[Round "02"]
[TimeControl "180+2"]
[Date "2023.02.07"]
[WhiteClock "0:00:02"]
[BlackClock "0:00:02"]

1. Nf3 Nf6 2. c4 g6 3. Nc3 Bg7 4. d4 d5 5. e3 O-O 6. Bd2 Bg4 7. Be2 c6 8. O-O Bxf3 9. Bxf3 e6 10. Qe2 Nbd7 11. Rfd1 a5 12. Rac1 a4 13. e4 Nxe4 14. Nxe4 dxe4 15. Qxe4 Qb6 16. Bc3 a3 17. b3 Rad8 18. Rd2 Rfe8 19. Rcd1 Nf8 20. h4 Rd7 21. h5 Red8 22. g3 Qa7 23. Rd3 c5 24. d5 exd5 25. cxd5 Bxc3 26. Rxc3 b6 27. h6 Qb8 28. b4 Re8 29. Qc4 Rc8 30. Qb3 cxb4 31. Qxb4 Rxc3 32. Qxc3 f6 33. Qxf6 Qd6 34. Qd4 g5 35. Kg2 Qxh6 36. Rh1 Qg7 37. Qg4 Rd6 38. Rb1 Nd7 39. Rb3 Ne5 40. Qf5 Qf6 41. Qc8+ Rd8 42. Qc7 Rf8 43. Qc3 Nxf3 44. Qxf3 Qxf3+ 45. Rxf3 Rxf3 46. Kxf3 h5 47. Ke4 b5 48. Kf5 h4 49. gxh4 gxh4 50. Ke6 h3 51. d6 h2 52. d7 h1=Q 53. d8=Q+ Kg7 54. Qd4+ Kg8 55. Kd6 Qc1 56. Qd5+ Kg7 57. Qd4+ Kg6 58. Qd5 Qc3 59. Qe6+ Kg5 60. Qd5+ Kf4 61. Qxb5 Qd4+ 62. Qd5 Qxf2 0-1


[Site "https://www.chess.com"]

[Event "Titled Tuesday Blitz February 07 Early 2023"]
[White "Miszler, Levente"]
[Black "Cella, Glaucio Dalla Cortt"]
[WhiteFideId "763276"]
[BlackFideId "2119455"]
[WhiteElo "2271"]
[BlackElo "1894"]
[Result "1-0"]
[Round "02"]
[TimeControl "180+2"]
[Date "2023.02.07"]
[WhiteClock "0:00:07"]
[BlackClock "0:00:01"]

1. Nf3 c5 2. c4 Nf6 3. g3 e6 4. Bg2 d5 5. cxd5 exd5 6. O-O Nc6 7. d4 cxd4 8. Nxd4 Bc5 9. Nb3 Bb6 10. Nc3 Be6 11. Na4 Bc7 12. Nac5 Bc8 13. Bg5 O-O 14. Nd4 h6 15. Be3 Re8 16. Nxc6 bxc6 17. Bd4 Be5 18. e3 Bg4 19. Qd2 Bxd4 20. Qxd4 Rb8 21. Rac1 Bc8 22. Rfd1 h5 23. Qa4 Rxb2 24. Qxa7 h4 25. Nd3 Rb7 26. Qa4 Bg4 27. Re1 hxg3 28. hxg3 Bd7 29. Nc5 Qc7 30. Nxb7 Qxb7 31. Qb3 Qxb3 32. axb3 Kf8 33. Ra1 Rb8 34. Reb1 g5 35. b4 Ke7 36. Ra5 Kd6 37. Ra6 Ne8 38. Ra5 Nc7 39. Bf1 Bf5 40. Rb2 g4 41. Ra7 Be4 42. Bg2 Bg6 43. e4 dxe4 44. Rd2+ Nd5 45. Ra4 f5 46. Rd1 Ke6 47. Rc1 Be8 48. b5 cxb5 49. Ra6+ Rb6 50. Rxb6+ Nxb6 51. Bf1 Kd5 52. Be2 Nc4 53. Kf1 Kd4 54. Ke1 Bc6 55. Bxc4 bxc4 56. Kd2 Ba4 57. Rc3 Bb3 58. Re3 Kc5 59. Kc3 Kd5 60. Re1 Ke5 61. Ra1 f4 62. Ra5+ Kf6 63. gxf4 Kg6 64. Rg5+ Kf6 65. Rxg4 Kf5 66. Rh4 Ba2 67. Kd4 Bb3 68. Ke3 c3 69. Rh5+ Kf6 70. Rc5 c2 71. Kxe4 Ba4 72. Ke3 1-0


[Site "https://www.chess.com"]

[Event "Titled Tuesday Blitz February 07 Early 2023"]
[White "Fathy, Elameir"]
[Black "Sturt, Raven"]
[WhiteFideId "10600396"]
[BlackFideId "2007304"]
[WhiteElo "2300"]
[BlackElo "2470"]
[Result "0-1"]
[Round "02"]
[TimeControl "180+2"]
[Date "2023.02.07"]
[WhiteClock "0:00:01"]
[BlackClock "0:00:28"]

1. d4 f5 2. c4 Nf6 3. Nf3 g6 4. Nc3 Bg7 5. g3 d6 6. Bg2 O-O 7. O-O Qe8 8. Re1 Qf7 9. e4 fxe4 10. Ng5 Qxc4 11. Ngxe4 c6 12. Nxf6+ Bxf6 13. Bh6 Rf7 14. d5 Bg4 15. Qd2 Bf5 16. Rac1 Qb4 17. dxc6 Nxc6 18. Bd5 Ne5 19. Bxf7+ Kxf7 20. Re3 Nc4 21. Qe2 Nxe3 22. Bxe3 e6 23. a3 Qa5 24. Qd2 Rd8 25. Bd4 e5 26. Be3 d5 27. Bg5 d4 28. Bxf6 Rd7 29. Bxe5 dxc3 30. Qxc3 Qd5 31. Bh8 Kg8 32. Be5 Bh3 33. f3 Rd8 34. Qc4 Qxc4 35. Rxc4 Rd2 36. g4 Rg2+ 37. Kh1 Rf2 38. Kg1 Rf1# 0-1


[Site "https://www.chess.com"]

[Event "Titled Tuesday Blitz February 07 Early 2023"]
[White "Ingebretsen, Jens E"]
[Black "Prieto Aranguren, Alain"]
[WhiteFideId "1522965"]
[BlackFideId "2268906"]
[WhiteElo "2342"]
[BlackElo "2258"]
[Result "0-1"]
[Round "02"]
[TimeControl "180+2"]
[Date "2023.02.07"]
[WhiteClock "0:00:36"]
[BlackClock "0:01:01"]

1. d4 g6 2. c4 Bg7 3. Nc3 d6 4. e4 Nc6 5. Nf3 Bg4 6. Be3 Bxf3 7. gxf3 e5 8. d5 Nd4 9. Be2 c5 10. f4 exf4 11. Bxf4 Ne7 12. Qd3 O-O 13. O-O-O a6 14. h4 h5 15. Rdg1 Kh7 16. Bxh5 gxh5 17. Bxd6 Qxd6 18. e5+ Qg6 19. Rxg6 fxg6 20. d6 Nec6 21. Ne4 Nxe5 22. Qg3 Ne2+ 23. Kd2 Nxg3 24. fxg3 Nxc4+ 25. Kd3 Nxb2+ 26. Kc2 Rad8 27. Rb1 Rfe8 28. Ng5+ Kg8 29. Rf1 Rxd6 30. Rf7 Re2+ 31. Kb3 Rd3# 0-1


[Site "https://www.chess.com"]

[Event "Titled Tuesday Blitz February 07 Early 2023"]
[White "Lacasa Diaz, Jose Antonio"]
[Black "Berezin, Viktor"]
[WhiteFideId "2203375"]
[BlackFideId "14107872"]
[WhiteElo "2359"]
[BlackElo "2307"]
[Result "0-1"]
[Round "02"]
[TimeControl "180+2"]
[Date "2023.02.07"]
[WhiteClock "0:00:26"]
[BlackClock "0:00:25"]

1. e4 g6 2. d4 Bg7 3. Nf3 d6 4. Nc3 Nf6 5. h3 O-O 6. Be3 Nc6 7. a4 e5 8. dxe5 Nxe5 9. Nxe5 dxe5 10. Bc4 Qe7 11. O-O Be6 12. Qe2 Rfd8 13. a5 a6 14. Rfd1 Nh5 15. Nd5 Bxd5 16. Bxd5 c6 17. Bb3 Nf4 18. Qc4 Ne6 19. Bb6 Rd7 20. c3 Rxd1+ 21. Rxd1 Re8 22. g3 h5 23. h4 g5 24. hxg5 Qxg5 25. Qe2 h4 26. Qf3 Bf6 27. Rd7 Re7 28. Be3 Qg6 29. Bxe6 fxe6 30. Rd8+ Kg7 31. Kg2 Rf7 32. Qd1 Bxd8 33. Qxd8 hxg3 34. fxg3 Qxe4+ 0-1


[Site "https://www.chess.com"]

[Event "Titled Tuesday Blitz February 07 Early 2023"]
[White "Bethke, Richard"]
[Black "Topalov, Aleksandar"]
[WhiteFideId "12959243"]
[BlackFideId "925659"]
[WhiteElo "2382"]
[BlackElo "2233"]
[Result "0-1"]
[Round "02"]
[TimeControl "180+2"]
[Date "2023.02.07"]
[WhiteClock "0:00:08"]
[BlackClock "0:00:17"]

1. e4 e6 2. d4 d5 3. e5 Ne7 4. c3 Qd7 5. Nf3 b6 6. Bd3 Ba6 7. O-O Bxd3 8. Qxd3 c5 9. Nbd2 Nbc6 10. a3 a5 11. Rb1 a4 12. Re1 Nf5 13. g4 Nfe7 14. Ng5 h5 15. h3 Ng6 16. Qg3 Be7 17. f4 hxg4 18. hxg4 Bxg5 19. fxg5 cxd4 20. Nf3 Qc7 21. cxd4 Na5 22. Bd2 Nb3 23. Bc3 O-O-O 24. Nd2 Nxd2 25. Bxd2 Kb7 26. Rec1 Qd7 27. b3 Rc8 28. bxa4 Rxc1+ 29. Rxc1 Qxa4 30. Qc3 Qd7 31. Qb4 Rc8 32. Rb1 Rc6 33. a4 Qc7 34. a5 Rc4 35. Qb5 Qc6 36. Qxc6+ Rxc6 37. Bb4 Rc4 38. Bc5 Nf4 39. Rxb6+ Ka8 40. Rd6 Ne2+ 41. Kf2 Nxd4 42. Bxd4 Rxd4 43. Rd8+ Ka7 44. Rd7+ Ka6 45. Rxf7 Rxg4 46. Rxg7 Re4 47. Re7 Rxe5 48. g6 Kxa5 49. Kf3 Re1 50. g7 Rg1 51. Kf4 Kb5 52. Ke5 Kc4 53. Kf6 d4 54. Rc7+ Kb3 55. Rd7 Kc3 56. Rc7+ Kd2 57. Kf7 e5 58. g8=Q Rxg8 59. Kxg8 e4 60. Kf7 e3 61. Kf6 e2 62. Rd7 d3 63. Ra7 e1=Q 64. Ra2+ Ke3 65. Ra6 Qh4+ 66. Kg7 d2 67. Re6+ Kd4 68. Rd6+ Kc3 69. Rc6+ Kb4 70. Rb6+ Kc5 71. Rb8 d1=Q 72. Rc8+ Kb6 73. Rb8+ Kc7 74. Rf8 Qdg4+ 75. Kf7 Qf5+ 76. Kg8 Qhh7# 0-1


[Site "https://www.chess.com"]

[Event "Titled Tuesday Blitz February 07 Early 2023"]
[White "Jiganchine, Roman"]
[Black "Lehtosaari, Mauri"]
[WhiteFideId "2603667"]
[BlackFideId "501999"]
[WhiteElo "2205"]
[BlackElo "2176"]
[Result "1/2-1/2"]
[Round "02"]
[TimeControl "180+2"]
[Date "2023.02.07"]
[WhiteClock "0:00:30"]
[BlackClock "0:00:16"]

1. e4 c5 2. Nf3 e6 3. g3 d5 4. exd5 exd5 5. d4 Nc6 6. Bg2 Nf6 7. O-O Be7 8. dxc5 O-O 9. Nc3 Bxc5 10. a3 h6 11. b4 Bb6 12. Bb2 a6 13. Na4 Ba7 14. Qd3 Be6 15. Rad1 Rc8 16. Nc5 Bxc5 17. bxc5 Qa5 18. Bxf6 gxf6 19. Rfe1 Rfe8 20. Rxe6 Rxe6 21. Bh3 Rce8 22. Qxd5 Re2 23. Qh5 Kg7 24. Nh4 R8e5 25. Nf5+ Rxf5 26. Qxe2 Re5 27. Qg4+ Rg5 28. Qe2 Qxc5 29. Kh1 Re5 30. Qg4+ Rg5 31. Qe2 Re5 32. Qg4+ Rg5 33. Qe2 1/2-1/2


[Site "https://www.chess.com"]

[Event "Titled Tuesday Blitz February 07 Early 2023"]
[White "Decuigniere, Tom"]
[Black "Vifleemskaia, Svetlana"]
[WhiteFideId "26093820"]
[BlackFideId "4129490"]
[WhiteElo "2382"]
[BlackElo "1971"]
[Result "1-0"]
[Round "02"]
[TimeControl "180+2"]
[Date "2023.02.07"]
[WhiteClock "0:00:03"]
[BlackClock "0:00:02"]

1. c4 c5 2. Nc3 Nf6 3. g3 d5 4. cxd5 Nxd5 5. Bg2 Nc7 6. d3 e5 7. Be3 Be7 8. Rc1 Ne6 9. Nf3 Nc6 10. Nd2 Bd7 11. Nde4 b6 12. O-O O-O 13. Nd5 Ned4 14. Nec3 Rc8 15. a3 Bd6 16. Ne4 Bb8 17. b4 cxb4 18. axb4 f5 19. Bg5 Qe8 20. b5 Nxb5 21. Qb3 Nbd4 22. Qa2 Kh8 23. e3 fxe4 24. exd4 exd3 25. dxe5 Nxe5 26. Rxc8 Qxc8 27. f4 Qc5+ 28. Kh1 Ng6 29. h4 Qc2 30. Qa1 Rc8 31. h5 Nf8 32. h6 Ne6 33. f5 Qa4 34. fxe6 Qxa1 35. exd7 Qxf1+ 36. Bxf1 Rf8 37. d8=Q Rxd8 38. Bxd8 Bxg3 39. Bxd3 gxh6 40. Bf6+ Kg8 41. Kg2 Bd6 42. Bd4 Kf7 43. Nc3 Ke6 44. Bxh7 Bc5 45. Bg8+ Kd6 46. Ne4+ Kc6 47. Nxc5 bxc5 48. Bc3 Kb5 49. Kf3 a5 50. Ke3 c4 51. Kd4 a4 52. Bxc4+ Kc6 53. Bd2 h5 54. Bg5 a3 55. Be7 a2 56. Bxa2 Kd7 57. Bh4 Kc6 58. Ke4 Kb5 59. Bf7 Kb4 60. Bxh5 Ka3 61. Bf7 Kb4 62. Be7+ Kb5 63. Bd5 Kb6 64. Bd6 Kb5 65. Kd4 Ka4 66. Kc4 Ka5 67. Bc5 Ka4 68. Bc6+ Ka5 69. Be8 Ka6 70. Bb5+ Kb7 71. Kd5 Kc7 72. Bc6 Kb8 73. Bb6 Kc8 74. Kd6 Kb8 75. Be4 1-0


[Site "https://www.chess.com"]

[Event "Titled Tuesday Blitz February 07 Early 2023"]
[White "Brilej, Jaka"]
[Black "Chakravarthi Reddy, M"]
[WhiteFideId "14618818"]
[BlackFideId "25009532"]
[WhiteElo "2321"]
[BlackElo "2279"]
[Result "1-0"]
[Round "02"]
[TimeControl "180+2"]
[Date "2023.02.07"]
[WhiteClock "0:00:39"]
[BlackClock "0:00:20"]

1. e4 e5 2. Nf3 Nc6 3. d4 exd4 4. Nxd4 Nf6 5. Nxc6 bxc6 6. e5 Qe7 7. Qe2 Nd5 8. c4 Nb6 9. Nc3 Ba6 10. Qe4 O-O-O 11. c5 Bxf1 12. cxb6 Ba6 13. bxa7 Kb7 14. Be3 d5 15. exd6 Qxe4 16. Nxe4 cxd6 17. O-O-O Be7 18. Rhe1 Rhe8 19. Bf4 d5 20. Ng5 Bxg5 21. Bxg5 f6 22. Be3 d4 23. Bf4 Kxa7 24. Rxe8 Rxe8 25. Rxd4 Re1+ 26. Kc2 Re2+ 27. Rd2 Rxd2+ 28. Kxd2 Bf1 29. g3 Kb6 30. Bd6 f5 31. Bf8 g6 32. Ke3 Bc4 33. a3 Kb5 34. Kf4 Be2 35. Kg5 Kc4 36. Kh6 Kd3 37. h4 Kc2 38. Bg7 c5 39. Kxh7 Bh5 40. Kh6 Kb3 41. Kg5 c4 42. f3 Bxf3 43. Kxg6 Bg4 44. h5 1-0


[Site "https://www.chess.com"]

[Event "Titled Tuesday Blitz February 07 Early 2023"]
[White "Bolanos, Fernando"]
[Black "Colas, Joshua"]
[WhiteFideId "3304094"]
[BlackFideId "2044447"]
[WhiteElo "2248"]
[BlackElo "2342"]
[Result "0-1"]
[Round "02"]
[TimeControl "180+2"]
[Date "2023.02.07"]
[WhiteClock "0:00:04"]
[BlackClock "0:00:48"]

1. e4 c5 2. Nf3 Nf6 3. Bd3 Nc6 4. c3 d6 5. O-O Bg4 6. Bc2 e5 7. h3 Bh5 8. d3 Be7 9. Nbd2 O-O 10. Re1 Re8 11. Nf1 d5 12. Ng3 Bg6 13. Qe2 Bf8 14. Bg5 d4 15. c4 h6 16. Bxf6 Qxf6 17. a3 Nd8 18. Reb1 a5 19. Ba4 Re7 20. Nh2 Ne6 21. Ng4 Qg5 22. Qf3 h5 23. Nh2 h4 24. Ne2 Bh5 25. Ng4 g6 26. Nf6+ Kh8 27. Nxh5 gxh5 28. Bd1 Bh6 29. b4 axb4 30. axb4 Rg8 31. Kf1 f5 32. exf5 Rf7 33. g4 hxg3 34. Qxg3 Qxf5 35. Qh2 Be3 36. bxc5 Bxf2 0-1


[Site "https://www.chess.com"]

[Event "Titled Tuesday Blitz February 07 Early 2023"]
[White "Mostbauer, Maximilian"]
[Black "Kornyukov, Alexey"]
[WhiteFideId "1626680"]
[BlackFideId "4150457"]
[WhiteElo "2167"]
[BlackElo "2452"]
[Result "1/2-1/2"]
[Round "02"]
[TimeControl "180+2"]
[Date "2023.02.07"]
[WhiteClock "0:02:56"]
[BlackClock "0:01:58"]

1. d4 d5 2. Nf3 Nf6 3. g3 Bg4 4. Bg2 Nc6 5. O-O e6 6. Ne5 Bd6 7. Nxc6 bxc6 8. c4 O-O 9. Nc3 dxc4 10. Bxc6 Bh3 11. Bg2 Bxg2 12. Kxg2 Qd7 13. e4 e5 14. dxe5 Bxe5 15. Qxd7 Nxd7 16. f4 Bxc3 17. bxc3 Rfe8 18. e5 f6 19. exf6 Nxf6 20. Ba3 1/2-1/2


[Site "https://www.chess.com"]

[Event "Titled Tuesday Blitz February 07 Early 2023"]
[White "Koridze, Lile"]
[Black "Di Nicolantonio, Lucas"]
[WhiteFideId "13612514"]
[BlackFideId "680460"]
[WhiteElo "2191"]
[BlackElo "2376"]
[Result "0-1"]
[Round "02"]
[TimeControl "180+2"]
[Date "2023.02.07"]
[WhiteClock "0:01:52"]
[BlackClock "0:01:08"]

1. d4 g6 2. c4 Bg7 3. Nc3 d6 4. e4 e5 5. Nf3 Nc6 6. Be3 Nh6 7. d5 Ne7 8. h3 f5 9. Bd3 O-O 10. O-O f4 11. Bd2 Nf7 12. b4 g5 13. c5 Ng6 14. Rc1 g4 15. hxg4 Bxg4 16. cxd6 cxd6 17. Nb5 Ng5 18. Nc7 Bxf3 19. gxf3 Nh3+ 20. Kh2 Qh4 21. Kg2 Qg5+ 22. Kxh3 Qh5+ 23. Kg2 Nh4+ 24. Kh3 Nxf3+ 25. Kg2 Qg4+ 26. Kh1 Qh3# 0-1


[Site "https://www.chess.com"]

[Event "Titled Tuesday Blitz February 07 Early 2023"]
[White "Borrmann, Laurenz"]
[Black "JonSnowNW1"]
[WhiteFideId "312187930"]
[WhiteElo "2304"]
[BlackElo "2329"]
[Result "1-0"]
[Round "02"]
[TimeControl "180+2"]
[Date "2023.02.07"]
[WhiteClock "0:00:06"]
[BlackClock "0:00:04"]

1. d4 d5 2. c4 c6 3. Nf3 Nf6 4. Nc3 e6 5. h4 Nbd7 6. a4 dxc4 7. e4 Bb4 8. Qc2 c5 9. Be3 Ng4 10. Bxc4 Nxe3 11. fxe3 cxd4 12. exd4 Qc7 13. Qb3 Qg3+ 14. Kf1 Bxc3 15. Qxc3 Nf6 16. Bb5+ Bd7 17. Bxd7+ Nxd7 18. Rh3 Qf4 19. Re1 O-O 20. Kg1 Nf6 21. Qd3 Rac8 22. Ne5 Rc1 23. Re3 Rxe1+ 24. Rxe1 Qxh4 25. Nf3 Qg3 26. d5 Ng4 27. e5 exd5 28. Qxd5 Nf2 29. e6 Nh3+ 30. Kh1 Nf4 31. exf7+ Kh8 32. Qg5 Qxg5 33. Nxg5 h6 34. Re8 Ng6 35. Ne6 1-0


[Site "https://www.chess.com"]

[Event "Titled Tuesday Blitz February 07 Early 2023"]
[White "Levitan, Caleb Levi"]
[Black "Petukhov, Dmitry"]
[WhiteFideId "14332620"]
[BlackFideId "4142748"]
[WhiteElo "2129"]
[BlackElo "2350"]
[Result "1-0"]
[Round "02"]
[TimeControl "180+2"]
[Date "2023.02.07"]
[WhiteClock "0:00:08"]
[BlackClock "0:00:32"]

1. e4 c5 2. Nf3 d6 3. d4 cxd4 4. Nxd4 Nf6 5. Nc3 Nc6 6. Bc4 e5 7. Nde2 Be6 8. Bb3 Be7 9. Bg5 O-O 10. Bxf6 Bxf6 11. O-O Nd4 12. Nd5 Nxb3 13. axb3 Bg5 14. c4 f5 15. Nec3 a6 16. Qe2 Kh8 17. Rad1 Rc8 18. Qd3 Qe8 19. Ne3 Bxe3 20. Qxe3 f4 21. Qf3 Rd8 22. h3 Qg6 23. Nd5 h5 24. Rd3 b5 25. Rfd1 Rb8 26. Ne7 Qf7 27. Nc6 Rbd8 28. Rxd6 Rxd6 29. Rxd6 bxc4 30. bxc4 Bxc4 31. Nxe5 Qe7 32. Qxh5+ Kg8 33. Nxc4 Qxe4 34. Qd5+ Qxd5 35. Rxd5 Rc8 36. Nd6 Rd8 37. Rd4 f3 38. gxf3 Kf8 39. Nf5 Rb8 40. Rd2 Rb3 41. Ne3 g6 42. Nd5 a5 43. Kf1 a4 44. Ke2 Rb5 45. Nc7 Re5+ 46. Kd3 Kg7 47. Kd4 Rf5 48. Ke4 Rf7 49. Ne6+ Kh6 50. Rd8 g5 51. Rh8+ Kg6 52. Rg8+ Kh7 53. Nxg5+ Kxg8 54. Nxf7 Kxf7 55. Kd5 1-0


[Site "https://www.chess.com"]

[Event "Titled Tuesday Blitz February 07 Early 2023"]
[White "Gurevich, Dmitry"]
[Black "Schut, Han"]
[WhiteFideId "2000407"]
[BlackFideId "1005561"]
[WhiteElo "2393"]
[BlackElo "2101"]
[Result "0-1"]
[Round "02"]
[TimeControl "180+2"]
[Date "2023.02.07"]
[WhiteClock "0:00:29"]
[BlackClock "0:00:15"]

1. d4 Nf6 2. c4 g6 3. Nc3 d5 4. Nf3 Bg7 5. cxd5 Nxd5 6. Bd2 Nb6 7. Bg5 Nc6 8. e3 O-O 9. Bb5 Qd6 10. O-O Bg4 11. h3 Bxf3 12. Qxf3 e5 13. Bxc6 exd4 14. Bxb7 dxc3 15. Bxa8 cxb2 16. Rad1 Qc5 17. Bf6 Rxa8 18. Bxg7 Kxg7 19. Qe4 Qc3 20. Qd4+ Qxd4 21. Rxd4 c5 22. Rd2 Na4 23. Rc2 Rb8 24. Rb1 Kf6 25. Rc4 Rb4 26. Rxb4 cxb4 27. Kf1 Ke5 28. Ke1 a5 29. Kd2 Kd5 30. Kc2 Nc3 31. Re1 b1=Q+ 32. Rxb1 Nxb1 33. Kxb1 a4 34. Kc2 Kc4 35. e4 g5 36. g3 Kd4 0-1


[Site "https://www.chess.com"]

[Event "Titled Tuesday Blitz February 07 Early 2023"]
[White "Ruiz Aguilar, Pablo Alexander"]
[Black "Seletsky, Grigory"]
[WhiteFideId "4401352"]
[BlackFideId "14112191"]
[WhiteElo "2161"]
[BlackElo "2259"]
[Result "0-1"]
[Round "02"]
[TimeControl "180+2"]
[Date "2023.02.07"]
[WhiteClock "0:00:02"]
[BlackClock "0:00:05"]

1. e4 c5 2. Nf3 d6 3. d4 cxd4 4. Nxd4 Nf6 5. Nc3 a6 6. Be2 e5 7. Nf3 Be7 8. Bg5 Be6 9. Bxf6 Bxf6 10. Qd3 O-O 11. O-O-O Be7 12. Nd5 Bxd5 13. Qxd5 Qc7 14. Kb1 Nd7 15. h4 Nf6 16. Qd3 b5 17. h5 Rfd8 18. Nh4 h6 19. Nf5 Bf8 20. Qf3 Rac8 21. Bd3 Nh7 22. Qg4 Kh8 23. f4 exf4 24. Qxf4 Ng5 25. Ne3 Qb7 26. Nd5 a5 27. Rhf1 b4 28. Qf5 a4 29. b3 a3 30. Qf4 Rc5 31. Ne3 Re5 32. Nc4 Re6 33. e5 dxe5 34. Nxe5 Re7 35. Ng6+ Kg8 36. Nxe7+ Bxe7 37. Qc4 Bf6 38. Qc5 Rc8 39. Qe3 Qc7 0-1


[Site "https://www.chess.com"]

[Event "Titled Tuesday Blitz February 07 Early 2023"]
[White "Ezat, Mohamed"]
[Black "Zaichenko, Daria"]
[WhiteFideId "10600906"]
[BlackFideId "4197453"]
[WhiteElo "2402"]
[BlackElo "2104"]
[Result "1-0"]
[Round "02"]
[TimeControl "180+2"]
[Date "2023.02.07"]
[WhiteClock "0:00:35"]
[BlackClock "0:01:07"]

1. e4 c5 2. d4 cxd4 3. c3 d5 4. exd5 Qxd5 5. Nf3 Bg4 6. Be2 d3 7. Bxd3 Bxf3 8. Qxf3 Qxf3 9. gxf3 Nc6 10. Ke2 Nf6 11. Na3 e5 12. Nb5 O-O-O 13. Bg5 Be7 14. Rhd1 Kb8 15. Bf5 a6 16. Bxf6 gxf6 17. Na3 Bxa3 18. bxa3 Na5 19. Rxd8+ Rxd8 20. Rg1 Nc4 21. Bd3 Nb2 22. Bxh7 Nc4 23. Bd3 Nb2 24. Be4 Nc4 25. Rd1 Rh8 26. Rd7 b5 27. Rb7+ Kc8 28. Rxf7 Rxh2 29. Bb7+ Kd8 30. Bxa6 Nxa3 31. Rxf6 Nb1 32. Rc6 Kd7 33. Bxb5 Ke7 34. a4 Rh8 35. a5 Rb8 36. Bd3 Rb2+ 37. Ke3 Nd2 38. a6 Nb3 39. Rc7+ Kd6 40. Rb7 Kc6 41. Be4+ Kc5 42. Rxb3 Rxb3 43. a7 Ra3 44. a8=Q Rxa8 45. Bxa8 Kc4 46. Kd2 Kc5 47. Be4 Kc4 48. Kc2 Kc5 49. Kb3 Kb5 50. c4+ Kc5 51. Kc3 Kd6 52. Kb4 1-0


[Site "https://www.chess.com"]

[Event "Titled Tuesday Blitz February 07 Early 2023"]
[White "Jenkins, Drake"]
[Black "Schekachikhin, Maksim"]
[WhiteFideId "2022397"]
[BlackFideId "24177830"]
[WhiteElo "2130"]
[BlackElo "2371"]
[Result "1-0"]
[Round "02"]
[TimeControl "180+2"]
[Date "2023.02.07"]
[WhiteClock "0:00:04"]
[BlackClock "0:00:08"]

1. Nf3 d5 2. c4 dxc4 3. e3 Nf6 4. Bxc4 Nc6 5. d4 Bg4 6. Qb3 e6 7. Qxb7 Bxf3 8. gxf3 Nb4 9. Bb5+ c6 10. Bxc6+ Nxc6 11. Qxc6+ Nd7 12. Nc3 Rc8 13. Qa4 Bd6 14. Ne4 Bb8 15. Qa3 Qh4 16. Bd2 Qh5 17. Ke2 Qb5+ 18. Kd1 e5 19. Rc1 Rxc1+ 20. Kxc1 Qe2 21. Nd6+ Bxd6 22. Qxd6 Qxf3 23. Re1 Qxf2 24. Bb4 Qf6 25. dxe5 Qxe5 26. Qd2 a5 27. Bc3 Qe6 28. Bxg7 Rg8 29. Bd4 Qxa2 30. Qc3 Qa1+ 31. Kd2 Rg2+ 32. Re2 Rxe2+ 33. Kxe2 Qa4 34. Qd3 Kf8 35. Qxh7 Qb5+ 36. Kf2 Ne5 37. Qh8+ Ke7 38. Qxe5+ Qxe5 39. Bxe5 Ke6 40. Bd4 Kf5 41. Kf3 1-0


[Site "https://www.chess.com"]